 Dungeon Crawl Stone Soup version 0.31.0-11-ge490571c62 (webtiles) character file.

Game seed: 10415181043645021919

2114 Arctor the Nimble (level 9, -13/45 HPs)
             Began as a Deep Elf Fire Elementalist on Feb 5, 2024.
             Was an Initiate of the Shining One.
             Killed by divine providence
             ... invoked by an orc priest
              (20 damage)
             ... on level 7 of the Dungeon.
             The game lasted 00:07:12 (8949 turns).

Arctor the Nimble (Deep Elf Fire Elementalist)      Turns: 8949, Time: 00:07:13

Health: -13/45     AC:  8    Str:  5    XL:     9   Next: 8%
Magic:  1/18       EV: 17    Int: 29    God:    the Shining One [......]
Gold:   129        SH:  0    Dex: 19    Spells: 3/17 levels left

rFire   . . .        p - +3 dagger (protect)
rCold   . . .        (no shield)
rNeg    . . .        w - +0 robe of the Abyss {Will- Int+4 Dex+4}
rPois   .            (no helmet)
rElec   .            A - scarf of Vanity {harm, rCorr}
rCorr   +            u - +1 pair of gloves
SInv    .            (no boots)
Will    .....        d - amulet of the acrobat
Stlth   +            f - +4 ring of protection
HPRegen 0.27/turn    (no ring)
MPRegen 0.16/turn

%: harm (+30% outgoing, +20% incoming), acrobat
@: glowing
A: no striking features
a: Renounce Religion


You were on level 7 of the Dungeon.
You worshipped the Shining One.
The Shining One was noncommittal.
You visited 1 branch of the dungeon, and saw 7 of its levels.

You collected 282 gold pieces.
You spent 153 gold pieces at shops.

Inventory:

Hand Weapons
 p - a +3 dagger of protection (weapon)
 v - a +1 heavy spear
Armour
 a - a +0 robe
 j - a scarf of invisibility
 u - a +1 pair of gloves (worn)
 w - the +0 robe of the Abyss (worn) {Will- Int+4 Dex+4}
   (You bought it in a shop on level 4 of the Dungeon)

   Int+4:     It affects your intelligence (+4).
   Dex+4:     It affects your dexterity (+4).
   Will-:     It decreases your willpower.
 A - the scarf of Vanity (worn) {harm, rCorr}
   (You found it on level 7 of the Dungeon)

   rCorr:     It protects you from acid and corrosion.
Jewellery
 d - an amulet of the acrobat (around neck)
 f - a +4 ring of protection (left hand)
 i - an amulet of reflection
 o - an amulet of faith
 x - a +4 ring of protection
Scrolls
 c - 2 scrolls of immolation
 g - a scroll of enchant weapon
 h - 3 scrolls of teleportation
 q - 2 scrolls of silence
 r - a scroll of identify
 t - a scroll of blinking
 y - a scroll of revelation
Potions
 b - a potion of magic
 e - 3 potions of heal wounds {unknown}
 k - 4 potions of curing {unknown}
 l - 4 potions of lignification {unknown}
 m - a potion of degeneration {unknown}
 n - a potion of berserk rage {unknown}
 s - a potion of resistance {unknown}
 z - a potion of attraction {unknown}


   Skills:
 + Level 8.2 Dodging
 - Level 4.4 Stealth
 - Level 4.7 Spellcasting
 + Level 7.1 Conjurations
 + Level 7.8 Fire Magic


You had 3 spell levels left.
You knew the following spells:

 Your Spells              Type           Power      Damage    Failure   Level
a - Foxfire               Conj/Fire      100%       2x1d9     1%          1
b - Scorch                Fire           100%       2d9       1%          2
c - Flame Wave            Conj/Fire      50%        2d12      3%          4
d - Fulminant Prism       Conj/Alch      13%        3d8       16%         4
e - Volatile Blastmotes   Fire/Tloc      58%        2d14      3%          3

Your spell library contained the following spells:

 Spells                   Type           Power      Damage    Failure   Level
 Magic Dart               Conj           100%       1d8       1%          1
 Searing Ray              Conj           96%        2d7       1%          2
 Inner Flame              Hex/Fire       29%        N/A       3%          3
 Apportation              Tloc           12%        N/A       6%          1
 Jinxbite                 Hex            12%        N/A       10%         2
 Tukima's Dance           Hex            6%         N/A       19%         3
 Passage of Golubria      Tloc           6%         N/A       54%         4
 Alistair's Intoxication  Alch           4%         N/A       87%         5
 Yara's Violent Unravell  Hex/Alch       3%         3d4       87%         5
 Chain Lightning          Conj/Air       13%        3d18      100%        9
 Fire Storm               Conj/Fire      25%        8d6       100%        9
 Shatter                  Erth           3%         3d7*      100%        9


Dungeon Overview and Level Annotations

Branches:
Dungeon (7/15)             Temple (0/1) D:7

Altars:
Dithmenos
Fedhas
Okawaru
Yredelemnul
The Shining One

Shops:
D:4 [   D:5 ?


Message History

An orc comes into view. It is wielding a +0 dagger.
Casting: Scorch (safe; 1% risk of failure)
Confirm with . or Enter, or press ? or * to list all spells.
Flames lash the orc warrior but do no damage.
The orc warrior barely misses you.
The orc priest calls down the wrath of Beogh upon you.
Beogh smites you!
Casting: Scorch (safe; 1% risk of failure)
Confirm with . or Enter, or press ? or * to list all spells.
Flames lash the orc warrior.
The orc warrior is burned terribly!
You kill the orc warrior!
Casting: Scorch (safe; 1% risk of failure)
Confirm with . or Enter, or press ? or * to list all spells.
Flames lash the orc.
You kill the orc!
The orc priest invokes the aid of Beogh against you.
Beogh smites you!
An orc comes into view. It is wielding a +0 club.
Casting: Scorch (safe; 1% risk of failure)
Confirm with . or Enter, or press ? or * to list all spells.
Flames lash the orc.
The orc is severely wounded.
The orc's fire resistance burns away.
The orc priest invokes the aid of Beogh against you.
Beogh smites you!
* * * LOW HITPOINT WARNING * * *
The orc priest is no longer more vulnerable to fire.
Casting: Scorch (safe; 1% risk of failure)
Confirm with . or Enter, or press ? or * to list all spells.
You conjure some foxfire!
The orc priest barely misses you.
The foxfire hits the orc.
The orc is almost dead.
Your foxfire dissipates!
Casting: Foxfire (safe; 1% risk of failure)
Confirm with . or Enter, or press ? or * to list all spells.
You conjure some foxfire!
The orc is no longer more vulnerable to fire.
The orc priest calls down the wrath of Beogh upon you.
Beogh smites you!
You die...

###.. ....## ..... # #
#...# .#. .# ####...# #.#
#.# .......# # #.# #.# .#
#..)### #v###.# .# #.....)
###@....##.###...##.
#oov............<...
....)oo.###............##.
##).#####
#..#.#.###รท..### #
#...............
#.##.#.......###
#.##.#..##.###
#.##.#..##.# #.##.......#
###


You could see an orc priest (ally target) and 3 orcs.

Vanquished Creatures
  Sigmund (D:5)
  2 orc warriors (D:7)
  3 water moccasins
  3 ice beasts
  2 black bears
  3 centaurs
  A phantom (D:6)
  2 scorpions (D:5)
  A gnoll sergeant (D:4)
  3 howler monkeys
  An orc priest (D:7)
  A hound (D:7)
  A jelly (D:5)
  3 iguanas
  2 orc wizards
  Robin (D:3)
  7 adders
  3 gnolls (D:4)
  A shadow imp (D:6)
  A white imp (D:5)
  3 dart slugs
  2 ribbon worms (D:2)
  7 orcs
  2 endoplasms
  A giant cockroach (D:2)
  14 goblins
  8 hobgoblins
  A quokka (D:2)
  5 ball pythons
  A bat (D:2)
  3 frilled lizards
  4 kobolds
  8 rats
101 creatures vanquished.

Vanquished Creatures (collateral kills)
  A foxfire (D:4)
1 creature vanquished.

Vanquished Creatures (others)
  838 foxfires
838 creatures vanquished.

Grand Total: 940 creatures vanquished

Notes
Turn   | Place    | Note
-------+----------+-------------------------------------------
     0 | D:1      | Arctor the Deep Elf Fire Elementalist began the quest for
                  | the Orb.
     0 | D:1      | Reached XP level 1. HP: 10/10 MP: 6/6
   542 | D:1      | Reached XP level 2. HP: 13/15 MP: 2/8
  1582 | D:2      | Reached skill level 3 in Dodging
  1582 | D:2      | Reached XP level 3. HP: 19/19 MP: 2/10
  1656 | D:2      | Found a faded altar of an unknown god.
  1685 | D:2      | Learned a level 2 spell: Scorch
  1810 | D:2      | You fall into a shaft and drop 2 floors!
  2077 | D:3      | Noticed Robin
  2632 | D:3      | Reached XP level 4. HP: 24/24 MP: 7/11
  2769 | D:3      | Killed Robin
  3198 | D:3      | Found a blossoming altar of Fedhas.
  3361 | D:3      | Found an iron altar of Okawaru.
  3750 | D:4      | Noticed a black bear
  3765 | D:4      | Killed a black bear
  3766 | D:4      | Reached XP level 5. HP: 12/28 MP: 1/13
  4071 | D:4      | Found Ydiukkyi's Antique Armour Shoppe.
  4773 | D:4      | Reached skill level 4 in Dodging
  4892 | D:4      | Reached XP level 6. HP: 32/32 MP: 10/14
  5412 | D:4      | Bought a brightly glowing robe for 153 gold pieces
  5412 | D:4      | Identified the +0 robe of the Abyss {Will- Int+4 Dex+4}
                  | (You bought it in a shop on level 4 of the Dungeon)
  5465 | D:5      | Entered Level 5 of the Dungeon
  5545 | D:5      | Learned a level 4 spell: Flame Wave
  5550 | D:5      | Learned a level 4 spell: Fulminant Prism
  5552 | D:5      | Noticed a water moccasin
  5559 | D:5      | Killed a water moccasin
  5608 | D:5      | Noticed Sigmund
  5614 | D:5      | Killed Sigmund
  5615 | D:5      | Reached skill level 5 in Dodging
  5615 | D:5      | Reached skill level 5 in Fire Magic
  5615 | D:5      | Reached XP level 7. HP: 36/36 MP: 9/16
  5821 | D:5      | Found a basalt altar of Yredelemnul.
  5832 | D:5      | Found a glowing golden altar of the Shining One.
  5836 | D:5      | Noticed an angel
  5958 | D:5      | Became a worshipper of the Shining One
  6545 | D:5      | Found Qaecef's Magic Scroll Emporium.
  7175 | D:6      | Reached skill level 6 in Dodging
  7175 | D:6      | Reached skill level 5 in Conjurations
  7264 | D:6      | Reached XP level 8. HP: 41/41 MP: 10/17
  8201 | D:6      | Reached skill level 7 in Dodging
  8265 | D:6      | Found a shadowy altar of Dithmenos.
  8686 | D:7      | Reached skill level 8 in Dodging
  8690 | D:7      | Learned a level 3 spell: Volatile Blastmotes
  8784 | D:7      | Found a staircase to the Ecumenical Temple.
  8815 | D:7      | Reached XP level 9. HP: 45/45 MP: 12/18
  8885 | D:7      | Identified the scarf of Vanity {harm, rCorr}
  8949 | D:7      | Killed from afar by an orc priest

Illustrated notes

Levels and vault maps discovered:
D:1:      heliophobic_arrival_battle_scene, layout_rooms,
          corexii_leaking_fountain
D:2:      layout_rooms, hellmonk_ecumenical_altar_inner_sanctum
D:3:      layout_rooms, nicolae_overflow_crystal_walls,
          kennysheep_okawaru_gauntlet, grunt_decor_fettered, nrook_campfire,
          uniq_robin
D:4:      layout_basic, serial_shops, nicolae_shop_crystal, serial_aquarium,
          aquarium_bridge_long_joined [aquarium_subvault_window,
          aquarium_subvault_window, aquarium_subvault_window,
          aquarium_subvault_bridge, aquarium_subvault_wall,
          aquarium_subvault_bridge], aquarium_window_corner,
          aquarium_window_fake, aquarium_view_2b, aquarium_pool_2,
          lightli_minifort
D:5:      layout_cave_pods, grunt_temple_overflow_holy_war,
          nicolae_take_the_stairs, uniq_sigmund
D:6:      layout_basic, nicolae_dithmenos_the_darkroom
D:7:      layout_loops_ring, minmay_temple_entry_tees, chequers_jeans,
          minmay_misc_feat_cross

Skill      XL: |  1  2  3  4  5  6  7  8 |
---------------+-------------------------+-----
Dodging        | 3 4 5 6 8 |  8.2
Stealth        | 3 4 |  4.4
Conjurations   | 2 3 4 5 7 |  7.1
Spellcasting   | 4 |  4.7
Fire Magic     | 4 5 6 7 |  7.8

Action                     |  1- 3 |  4- 6 |  7- 9 || total
---------------------------+-------+-------+-------++-------
  Melee: Unarmed           |     9 |    10 |       ||    19
         Dagger            |       |     2 |     1 ||     3
         Punch             |       |       |     1 ||     1
   Cast: Foxfire           |   185 |   131 |   205 ||   521
         Scorch            |       |    13 |    17 ||    30
    Use: Scroll            |       |       |     8 ||     8
 Armour: Robe              |     8 |    27 |    12 ||    47
  Dodge: Dodged            |    18 |    37 |    17 ||    72
